 Dungeon Crawl Stone Soup version 0.31-a0-1-g4198be8af4 (webtiles) character file.

Game seed: 17343771414932435874

28 jasper the Conjurer (level 2, -3/19 HPs)
             Began as a Demonspawn Air Elementalist on May 1, 2023.
             Killed from afar by Natasha (6 damage)
             ... with a magic dart
             ... on level 2 of the Dungeon.
             The game lasted 00:01:34 (1660 turns).

jasper the Conjurer (Demonspawn Air Elementalist)   Turns: 1660, Time: 00:01:35

Health: -3/19      AC:  2    Str:  8    XL:     2   Next: 96%
Magic:  1/5        EV: 12    Int: 16    God:
Gold:   93         SH:  0    Dex: 13    Spells: 2/5 levels left

rFire   . . .        f - +0 rapier
rCold   . . .        (no shield)
rNeg    . . .        a - +0 robe
rPois   .            (no helmet)
rElec   .            (no cloak)
rCorr   .            (no gloves)
SInv    .            (no boots)
Will    .....        (no amulet)
Stlth   ++           (no ring)
HPRegen 0.23/turn    (no ring)
MPRegen 0.09/turn

%: no passive effects
@: no status effects
A: hooves 1
a: no special abilities


You were on level 2 of the Dungeon.
You visited 1 branch of the dungeon, and saw 2 of its levels.

You collected 93 gold pieces.

Inventory:

Hand Weapons
 f - a +0 rapier (weapon)
Armour
 a - a +0 robe (worn)
Scrolls
 c - a scroll of identify
Potions
 b - a potion of magic
 e - 2 potions of brilliance
 g - a potion of degeneration
 h - 2 potions of curing {unknown}


   Skills:
 - Level 1.7 Dodging
 - Level 1.7 Stealth
 - Level 2.0 Spellcasting
 + Level 3.0 Conjurations
 - Level 2.6 Air Magic


You had 2 spell levels left.
You knew the following spells:

 Your Spells              Type           Power      Damage    Failure   Level
a - Shock                 Conj/Air       40%        1d5       6%          1
b - Static Discharge      Conj/Air       20%        2-3/arc   10%         2

Your spell library contained the following spells:

 Spells                   Type           Power      Damage    Failure   Level
 Blink                    Tloc           2%         N/A       30%         2
 Swiftness                Air            10%        N/A       21%         3
 Airstrike                Air            5%         2d(1-17)  56%         4
 Manifold Assault         Tloc           1%         N/A       90%         4
 Summon Forest            Summ/Tloc      0%         N/A       99%         5
 Summon Mana Viper        Hex/Summ       1%         N/A       99%         5
 Summon Cactus Giant      Summ           0%         N/A       100%        6
 Storm Form               Tmut/Air       2%         N/A       100%        7


Dungeon Overview and Level Annotations

Branches:
Dungeon (2/15)

Altars:

Annotations:
D:2 Natasha, Terence


Innate Abilities, Weirdness & Mutations

You have large cloven feet.


Message History

g - a potion of degeneration You now have 93 gold pieces (gained 11).
There is a stone staircase leading up here.
You see here a +0 dagger.
You pick up an Inescapable Atlas and begin reading...
You add the spells Blink, Manifold Assault and Storm Form to your library.
c - a scroll of identify Natasha, Servant of Life and Death comes into view.
Natasha hisses angrily.
Natasha moves out of view.
Natasha is nearby!
Terence the Incautious comes into view.
He is wielding a +0 flail.
Found a leather armour and a stone.
Natasha claws you.
You see here a +0 hand axe.
You take 5 damage, and have 14/19 hp.
MASSIVE DAMAGE!!
Casting: Shock (safe; 6% risk of failure)
Confirm with . or Enter, or press ? or * to list all spells.
Natasha is struck by an arc of lightning.
Natasha is moderately wounded.
You are struck by an arc of lightning.
The lightning grounds out.
Natasha barely misses you.
You take 2 damage, and have 12/19 hp.
You now have 3/5 mp.
Casting: Static Discharge (safe; 10% risk of failure)
Confirm with . or Enter, or press ? or * to list all spells.
Natasha is struck by an arc of lightning.
Natasha is moderately wounded.
You are struck by an arc of lightning.
The lightning grounds out.
Natasha completely misses you. Terence looks scornfully at you.
You take 2 damage, and have 10/19 hp.
You now have 1/5 mp.
Okay, then.
Okay, then.
Okay, then.
Natasha attacks as you move away! Natasha claws you!
* * * LOW HITPOINT WARNING * * *
You take 7 damage, and have 3/19 hp.
MASSIVE DAMAGE!!
Natasha attacks as you move away! Natasha barely misses you.
Natasha stares at you and mumbles some strange words.
The magic dart hits you.
You die...

#..##...........#
#..#####.####.#.#
#.............#.#
#.#############.#
#.# # #.# #.##
.... #.## #..#
...(. #...
######.## .@...
#...
#....@..#......
##..
#.####.h#...[..
##. #
#....)....... #.
#.#..##.#......
#.
#.#..##.#########
#.
#.......##......#
#. #####
###..###........#
## ....#### #..#
#........# #
###....##
#..###.#......# #


You could see Natasha.

Vanquished Creatures
  3 dart slugs
  A giant cockroach (D:1)
  3 hobgoblins
  6 kobolds
  2 ball pythons
  7 bats
  A frilled lizard (D:2)
23 creatures vanquished.

Notes
Turn   | Place    | Note
-------+----------+-------------------------------------------
     0 | D:1      | jasper the Demonspawn Air Elementalist began the quest for
                  | the Orb.
     0 | D:1      | Reached XP level 1. HP: 13/13 MP: 3/3
   328 | D:1      | Reached skill level 2 in Conjurations
   412 | D:1      | Gained mutation: You have large cloven feet. [demonic
                  | ancestry]
   412 | D:1      | Reached XP level 2. HP: 17/19 MP: 0/5
   415 | D:1      | Learned a level 2 spell: Static Discharge
  1361 | D:2      | Reached skill level 3 in Conjurations
  1654 | D:2      | Noticed Natasha
  1656 | D:2      | Noticed Terence
  1660 | D:2      | Killed from afar by Natasha

Illustrated notes

Levels and vault maps discovered:
D:1:      denvon_arrival_planthouse, layout_basic
D:2:      layout_loops_cross, uniq_terence, uniq_natasha

Skill      XL: |  1  2 |
---------------+-------+-----
Conjurations   | 2 3 |  3.0
Dodging        | |  1.7
Stealth        | |  1.7
Spellcasting   | |  2.0
Air Magic      | |  2.6

Action                     || total
---------------------------++-------
  Melee: Rapier            ||    13
         Kick              ||     1
   Cast: Shock             ||    43
         Static Discharge  ||     2
    Use: Scroll            ||     4
 Armour: Robe              ||     8
  Dodge: Dodged            ||    20

Table legend: (Time is in decaauts)
 A = Elapsed time spent in this place.
 B = Non-inter-level travel time spent in this place.
 C = Inter-level travel time spent in this place.
 D = Time resting spent in this place.
 E = Time spent auto-exploring this place.
 F = Levels seen in this place.
 G = Mean time per level.
                   A        B        C        D        E       F      G
               +--------+--------+--------+--------+--------+-----+--------+
         Total |   1666 |   1655 |     11 |      0 |   1476 |   2 |  833.0 |
       Dungeon |   1666 |   1655 |     11 |      0 |   1476 |   2 |  833.0 |
               +--------+--------+--------+--------+--------+-----+--------+

Top non-repeatable levels by time:
     D:1: 944 daAuts
     D:2: 722 daAuts
